AoeStats
← Shredded_Pork

Oasis

507518848Analyzed
4v4 RM · 13d ago on Sep 18, 2026· 65m 3s· 8 players
Game mode
Random Map
Map size
Large (8 player)
Population
200
Speed
Normal
Resources
Standard
Victory
Conquest
Starting age
Dark Age
Ending age
Imperial Age
RankedLock teamsTeams togetherTeam positionsShared explorationLock speedFull tech treeHidden civsTurbo modeCheats
Victory
Defeat
🇹🇷 Mongols · Türkiye
804
+14
🇩🇪 Hindustanis · Germany
763
+15
🇨🇳 Saracens · China
730
+17
679
+19
🇪🇸 Persians · Spain
834
-21
🇪🇸 Goths · Spain
798
-18
🇪🇸 Bulgarians · Spain
724
-15
🇪🇸 Maya · Spain
623
-11
Grimor91
12:22 Feudal Age
12:59 Double-Bit Axe
14:03 Gold Mining
16:31 Forging
16:23 Scale Mail Armor
18:10 Horse Collar
19:46 Arson
25:22 Castle Age
25:16 Stone Mining
27:56 Husbandry
28:07 Bloodlines
32:01 Scale Barding Armor
32:32 Iron Casting
37:12 Imperial Age
34:47 Light Cavalry
35:22 Elite Skirmisher
37:29 Thumb Ring
37:41 Stirrups
39:45 Murder Holes
41:29 Hussar
44:11 Elite Konnik
45:31 Squires
45:17 Gambesons
44:55 Pikeman
47:03 Bow Saw
49:03 Bagains
52:51 Halberdier
59:26 Blast Furnace
58:41 Chain Mail Armor
58:48 Chain Barding Armor
LaSema92
12:01 Feudal Age
14:33 Double-Bit Axe
16:51 Horse Collar
26:52 Castle Age
29:16 Thumb Ring
29:03 Crossbowman
41:46 Eagle Warrior
44:42 Squires
47:56 Wheelbarrow
47:20 Gold Mining
47:46 Bow Saw
47:32 Fletching
47:43 Padded Archer Armor
48:25 Pikeman
50:25 Pikeman
55:01 Imperial Age
SaintJimmy_21
8:54 Loom
11:13 Feudal Age
12:13 Double-Bit Axe
12:13 Horse Collar
19:48 Forging
19:39 Scale Mail Armor
24:55 Castle Age
27:20 Wheelbarrow
26:09 Man-at-Arms
26:51 Squires
28:45 Bow Saw
28:12 Long Swordsman
32:11 Iron Casting
32:44 Heavy Plow
33:57 Chain Mail Armor
39:56 Imperial Age
38:00 Murder Holes
37:38 Pikeman
41:52 Blast Furnace
41:27 Perfusion
41:48 Conscription
41:10 Two-Handed Swordsman
43:24 Crop Rotation
44:08 Halberdier
47:57 Two-Man Saw
47:51 Hand Cart
51:43 Heavy Scorpion
53:06 Gold Mining
55:03 Ballistics
55:56 Chemistry
jurjur.mobile
6:44 Loom
10:54 Feudal Age
13:27 Double-Bit Axe
14:06 Horse Collar
20:58 Castle Age
21:39 Bow Saw
21:25 Fletching
21:35 Padded Archer Armor
22:23 Crossbowman
25:07 Kamandaran
25:58 Thumb Ring
26:37 Bodkin Arrow
28:19 Wheelbarrow
28:49 Caravan
30:26 Ballistics
31:18 Leather Archer Armor
34:48 Hand Cart
35:13 Town Watch
38:36 Imperial Age
39:17 Forging
39:40 Ring Archer Armor
40:49 Chemistry
44:37 Two-Man Saw
☯︎ PΔTΔS DΞ STΞΞL ☯
0:56 Loom
15:01 Feudal Age
16:29 Wheelbarrow
15:50 Gold Mining
15:51 Stone Mining
15:47 Double-Bit Axe
15:59 Horse Collar
21:49 Castle Age
20:33 Forging
20:38 Scale Barding Armor
23:08 Gold Shaft Mining
22:34 Heavy Plow
22:47 Bow Saw
23:34 Husbandry
23:45 Bloodlines
31:23 Hand Cart
31:32 Murder Holes
33:24 Ballistics
35:54 Imperial Age
34:36 Iron Casting
34:35 Chain Barding Armor
38:37 Imperial Age
39:13 Marauders
40:56 Blast Furnace
40:31 Plate Barding Armor
39:30 Elite Tarkan
40:31 Conscription
40:38 Atheism
44:38 Cavalier
48:49 Paladin
51:55 Caravan
Rada166
9:18 Loom
15:06 Feudal Age
16:26 Wheelbarrow
16:24 Double-Bit Axe
16:32 Gold Mining
16:25 Horse Collar
17:41 Stone Mining
31:12 Castle Age
31:14 Scale Barding Armor
31:37 Bloodlines
32:10 Hand Cart
37:55 Imperial Age
36:11 Forging
40:00 Heavy Plow
43:28 Heavy Camel Rider
45:46 Bow Saw
47:23 Gold Shaft Mining
47:12 Imperial Camel Rider
50:31 Caravan
53:58 Grand Trunk Road
54:22 Conscription
55:04 Chain Barding Armor
55:20 Iron Casting
Fatih
14:07 Feudal Age
15:54 Wheelbarrow
15:21 Horse Collar
15:29 Double-Bit Axe
18:41 Castle Age
20:05 Bow Saw
26:21 Gold Mining
27:07 Thumb Ring
27:42 Hand Cart
27:13 Loom
27:32 Town Watch
29:29 Ballistics
29:04 Fletching
30:19 Bodkin Arrow
31:08 Padded Archer Armor
35:32 Imperial Age
33:27 Leather Archer Armor
35:28 Gold Shaft Mining
34:44 Stone Mining
35:17 Forging
35:12 Scale Barding Armor
35:52 Husbandry
36:05 Bloodlines
37:48 Bracer
38:23 Iron Casting
38:09 Chain Barding Armor
38:19 Parthian Tactics
37:15 Elite Skirmisher
39:00 Chemistry
38:06 Siege Engineers
38:11 Masonry
39:15 Stone Shaft Mining
38:53 Heavy Cavalry Archer
40:24 Elite Steppe Lancer
41:27 Town Patrol
42:32 Blast Furnace
43:59 Light Cavalry
47:33 Heavy Camel Rider
48:12 Hussar
49:45 Caravan
51:37 Conscription
51:53 Hoardings
51:42 Drill
51:22 Nomads
50:46 Elite Mangudai
51:43 Capped Ram
51:44 Heavy Scorpion
53:04 Siege Ram
54:09 Onager
60:22 Siege Onager
63:11 Scale Mail Armor
Shredded_Pork
12:08 Feudal Age
12:55 Double-Bit Axe
13:51 Horse Collar
21:52 Castle Age
24:10 Bow Saw
24:06 Stone Mining
24:06 Gold Mining
27:00 Heavy Plow
34:58 Imperial Age
33:54 Wheelbarrow
36:12 Hand Cart
36:41 Conscription
37:44 Two-Man Saw
37:29 Gold Shaft Mining
37:09 Forging
37:05 Scale Barding Armor
37:17 Forging
37:22 Husbandry
37:33 Bloodlines
38:29 Chain Barding Armor
43:27 Elite Skirmisher
46:02 Iron Casting
46:02 Plate Barding Armor
50:32 Caravan
63:07 Blast Furnace
Connection lost

Rejoining the realm…

Still unreachable

The connection could not be restored.

Session expired

The server has moved on; the page needs a fresh start.